 Dungeon Crawl Stone Soup version 0.29-a0-359-g541a27f54d (webtiles) character file.

Game seed: 1994641301539250073

8 domi the Magician (level 2, -3/19 HPs)
             Began as a Demonspawn Hedge Wizard on Apr 27, 2022.
             Slain by a hobgoblin (4 damage)
             ... on level 1 of the Dungeon.
             The game lasted 00:00:47 (395 turns).

domi the Magician (Demonspawn Hedge Wizard)          Turns: 395, Time: 00:00:48

Health: -3/19      AC:  2    Str: 10    XL:     2   Next: 0%
Magic:  6/6        EV: 12    Int: 15    God:
Gold:   3          SH:  0    Dex: 12    Spells: 6/7 levels left

rFire   . . .      SeeInvis .   i - +1 dagger (drain)
rCold   . . .      Faith    .   (no shield)
rNeg    . . .      Spirit   .   b - +0 robe
rPois   .          Reflect  .   c - +0 hat
rElec   .          Harm     .   (no cloak)
rCorr   .          Rampage  .   (no gloves)
Will    .....                   (no boots)
Stlth   ++........              (no amulet)
HPRegen 0.06/turn               (no ring)
MPRegen 0.10/turn               (no ring)

@: no status effects
A: hooves 1
a: no special abilities


You were on level 1 of the Dungeon.
You visited 1 branch of the dungeon, and saw 1 of its levels.

You collected 3 gold pieces.

Inventory:

Hand Weapons
 a - a +0 dagger
 i - a +1 dagger of draining (weapon)
   (You took it off a goblin on level 1 of the Dungeon)
Armour
 b - a +0 robe (worn)
 c - a +0 hat (worn)
Scrolls
 e - 2 scrolls of teleportation {unknown}
 h - a scroll of noise {unknown}
Potions
 d - a potion of magic
 f - a potion of degeneration {unknown}
 g - a potion of resistance {unknown}


   Skills:
 - Level 1.7 Dodging
 - Level 1.7 Stealth
 - Level 3.0 Spellcasting
 + Level 2.1 Conjurations
 - Level 1.0 Summonings
 - Level 0.8 Translocations


You had 6 spell levels left.
You knew the following spells:

 Your Spells              Type           Power      Damage    Failure   Level
z - Magic Dart            Conj           32%        1d4       9%          1

Your spell library contained the following spells:

 Spells                   Type           Power      Damage    Failure   Level
 Slow                     Hex            8%         N/A       21%         1
 Call Imp                 Summ           5%         N/A       21%         2
 Blink                    Tloc           8%         N/A       22%         2
 Ensorcelled Hibernation  Hex/Ice        4%         N/A       30%         2
 Passwall                 Tmut/Erth      1%         N/A       30%         2
 Conjure Flame            Conj/Fire      5%         6-21      36%         3
 Mephitic Cloud           Conj/Pois/Air  4%         N/A       41%         3
 Swiftness                Air            2%         N/A       52%         3


Dungeon Overview and Level Annotations

Branches:
Dungeon (1/15)

Altars:

Shops:
D:1 ?


Innate Abilities, Weirdness & Mutations

You have large cloven feet.


Message History

You now have 1/4 mp.
You hit the kobold. The kobold hits you with a +0 dagger.
You take 2 damage, and have 11/13 hp.
You hit the kobold. The kobold hits you with a +0 dagger.
You take 2 damage, and have 9/13 hp.
You barely miss the kobold. The kobold closely misses you.
You barely miss the kobold. The kobold hits you but does no damage.
You hit the kobold.
You kill the kobold!
Your Conjurations skill increases to level 2!
Found a stone staircase leading down.
Things that are here:
a +0 dagger; a stone; a kobold corpse You start resting.
Your magical contamination has completely faded away.
Found a faded altar of an unknown god.
Health restored: 13; MP restored: 4
g - a smoky puce potion You pick up a book of Burglary and begin reading...
You add the spells Passwall, Ensorcelled Hibernation and Swiftness to your library.
A goblin comes into view. It is wielding a +1 dagger of draining.
Aim: a goblin, wielding a +1 dagger of draining (asleep, 100% to hit)
The magic dart hits the goblin.
You kill the goblin!
You now have 3/4 mp.
You can't see any susceptible monsters within range! (Use Z to cast anyway.)
You can't see any susceptible monsters within range! (Use Z to cast anyway.)
You can't see any susceptible monsters within range! (Use Z to cast anyway.)
h - a scroll labelled HUICLAOCWU MP restored: 4
Found an escape hatch in the floor.
You see here a +1 dagger of draining.
i - a +1 dagger of draining You sense an unholy aura.
i - a +1 dagger of draining (weapon)
A bat comes into view.
Found 11 gold pieces.
Found Gag Uxok's Magic Scroll Boutique.
A bat is nearby!
A bat is nearby!
A bat is nearby!
Aim: a bat (asleep, 100% to hit)
The magic dart hits the bat.
You kill the bat!
You have reached level 2!
You feel monstrous as your demonic heritage exerts itself.
Your demonic ancestry asserts itself...
Your feet thicken and deform.
Health restored: 19 A hobgoblin comes into view.
MP restored: 6 A hobgoblin is nearby!
A hobgoblin is nearby!
The hobgoblin shouts!
You hit the hobgoblin.
You kick the hobgoblin, but do no damage.
The hobgoblin hits you.
You take 4 damage, and have 15/19 hp.
MASSIVE DAMAGE!!
The hobgoblin misses you. The hobgoblin hits you.
You take 1 damage, and have 14/19 hp.
The hobgoblin hits you.
You take 4 damage, and have 10/19 hp.
MASSIVE DAMAGE!!
The hobgoblin hits you.
You take 1 damage, and have 9/19 hp.
The hobgoblin barely misses you. The hobgoblin completely misses you.
Unknown command.
The hobgoblin hits you.
You take 2 damage, and have 7/19 hp.
The hobgoblin misses you. The hobgoblin barely misses you.
The hobgoblin hits you but does no damage.
Unknown command.
The hobgoblin misses you. The hobgoblin hits you.
You take 1 damage, and have 6/19 hp.
The hobgoblin hits you.
* * * LOW HITPOINT WARNING * * *
You take 2 damage, and have 4/19 hp.
Unknown command.
The hobgoblin barely misses you. The hobgoblin hits you.
* * * LOW HITPOINT WARNING * * *
You take 2 damage, and have 2/19 hp.
The hobgoblin closely misses you.
Unknown command.
The hobgoblin closely misses you. The hobgoblin barely misses you.
The hobgoblin misses you.
Unknown command.
The hobgoblin hits you.
* * * LOW HITPOINT WARNING * * *
You take 1 damage, and have 1/19 hp.
The hobgoblin barely misses you.
Unknown command.
The hobgoblin barely misses you. The hobgoblin hits you.
You die...

#..# ###### #..## #....###
#... ......# ###..###
#.....## #...... #.._...#
#..$.# #......#######.∩..#
###............g@...###.#.#
...#...##########+#........
>...................####...
....#.##.########.#.#
....#....#####....#>.#
........................
...............#####.###
...#################.#
....#..............#.#


You could see a hobgoblin.

Vanquished Creatures
  4 bats (D:1)
  A giant cockroach (D:1)
  A kobold (D:1)
  A goblin (D:1)
7 creatures vanquished.

Notes
Turn   | Place    | Note
-------+----------+-------------------------------------------
     0 | D:1      | domi the Demonspawn Hedge Wizard began the quest for the
                  | Orb.
     0 | D:1      | Reached XP level 1. HP: 13/13 MP: 4/4
   204 | D:1      | Reached skill level 2 in Conjurations
   304 | D:1      | Found a faded altar of an unknown god.
   347 | D:1      | Found Gag Uxok's Magic Scroll Boutique.
   349 | D:1      | Discovered your monstrous ancestry.
   349 | D:1      | Gained mutation: You have large cloven feet. [demonic
                  | ancestry]
   349 | D:1      | Reached XP level 2. HP: 19/19 MP: 4/6
   385 | D:1      | HP: 4/19 [hobgoblin (2)]
   392 | D:1      | HP: 1/19 [hobgoblin (2)]
   395 | D:1      | Slain by a hobgoblin

Illustrated notes

Levels and vault maps discovered:
D:1:      dpeg_arrival_boxorama, layout_basic, serial_shops,
          nicolae_shop_competitors_out_of_business, nicolae_shop_behind_doors,
          shop, nicolae_shop_stone, shop, ebering_ecumenical_altar_sacrificial,
          minmay_misc_feat_roman, minmay_misc_feat_cross

Skill      XL: |  1 |
---------------+----+-----
Conjurations   | 2 |  2.1
Dodging        | |  1.7
Stealth        | |  1.7
Spellcasting   | |  3.0
Summonings     | |  1.0
Translocations | |  0.8

Action                   || total
-------------------------++-------
Melee: Dagger            ||    16
       Kick              ||     1
 Cast: Magic Dart        ||    10
Armor: Robe              ||     5
Dodge: Dodged            ||    27

Table legend: (Time is in decaauts)
 A = Elapsed time spent in this place.
 B = Non-inter-level travel time spent in this place.
 C = Inter-level travel time spent in this place.
 D = Time resting spent in this place.
 E = Time spent auto-exploring this place.
 F = Levels seen in this place.
 G = Mean time per level.
                   A        B        C        D        E       F      G
               +--------+--------+--------+--------+--------+-----+--------+
         Total |    394 |    394 |      0 |      7 |    304 |   1 |  394.0 |
       Dungeon |    394 |    394 |      0 |      7 |    304 |   1 |  394.0 |
               +--------+--------+--------+--------+--------+-----+--------+

Top non-repeatable levels by time:
     D:1: 394 daAuts

Table legend:
 A = Kills in this place as a percentage of kills in entire the game.
 B = Kills by you in this place as a percentage of kills by you in the entire game.
 C = Kills by friends in this place as a percentage of kills by friends in the entire game.
 D = Other kills in this place as a percentage of other kills in the entire game.
 E = Experience gained in this place as a percentage of experience gained in the entire game.
 F = Experience gained in this place divided by the number of levels of this place that you have seen.
                   A       B       C       D       E      F
               +-------+-------+-------+-------+-------+----------------------
         Total | 100.0 | 100.0 |   N/A |   N/A | 100.0 |  12.0
       Dungeon | 100.0 | 100.0 |   N/A |   N/A | 100.0 |  12.0
               +-------+-------+-------+-------+-------+----------------------
